 Dungeon Sprint DCSS version 0.30-a0-1163-gf69bf04e7a (webtiles) character file.

Game seed: 7537586714161301915

158 fozzywoppz the Trooper (level 5, -5/46 HPs)
             Began as a Demonspawn Fighter on Apr 28, 2023.
             Slain by a killer bee (8 damage)
             ... in the Dungeon (Sprint IV: "Fedhas' Mad Dash").
             The game lasted 00:02:13 (362 turns).

fozzywoppz the Trooper (Demonspawn Fighter)          Turns: 362, Time: 00:02:14

Health: -5/46      AC:  7    Str: 16    XL:     5   Next: 16%
Magic:  5/5        EV: 10    Int:  9    God:
Gold:   68         SH: 10    Dex: 15    Spells: 4/4 levels left

rFire   . .          .
                       - Unarmed
rCold   . . .        b - +0 buckler
rNeg    . . .        a - +0 scale mail
rPois   .            (no helmet)
rElec   .            (no cloak)
rCorr   .            (no gloves)
SInv    .            (no boots)
Will    .....        c - amulet of reflection
Stlth   +            (no ring)
HPRegen 0.27/turn    (no ring)
MPRegen 0.09/turn

%: no teleportation, reflection
@: lethally poisoned (-5 -> -12), hasted, very quick
A: hooves 1, sturdy frame 1, demonic magic 1
a: no special abilities


You were in the Dungeon.
You visited 1 branch You collected 68 gold pieces.

Inventory:

Armour
 a - a +0 scale mail (worn)
 b - a +0 buckler (worn)
Jewellery
 c - an amulet of reflection (around neck)
 h - the amulet of invisibility {+Inv}
   (You found it in the Dungeon)

   [amulet of nothing]

   +Inv:      It lets you turn invisible.
Potions
 e - a potion of heal wounds
 g - 2 potions of magic


   Skills:
 + Level 6.0 Fighting
 + Level 5.4 Armour
 + Level 1.7 Dodging
 - Level 5.0 Shields
 + Level 5.1 Unarmed Combat


You had 4 spell levels left.
You didn't know any spells.
Your spell library was empty.

Dungeon Overview and Level Annotations

Branches:
Dungeon (1/1)

Altars:
Cheibriados
Dithmenos
Gozag
Hepliaklqana
Makhleb
Nemelex Xobeh
Okawaru
Ru
Sif Muna
Trog
Wu Jian
Xom
Yredelemnul
Jiyva

Annotations:
D exclusion: oklob sapling


Innate Abilities, Weirdness & Mutations

You have large cloven feet.
Your movements are slightly less encumbered by armour. (ER -2)
Spells you cast may paralyse adjacent enemies.


Message History

The killer bee stings you but does no damage.
The killer bee closely misses you.
Unknown command.
You hit the killer bee.
You kill the killer bee!
You block the killer bee's attack. The killer bee stings you.
You are poisoned.
The killer bee poisons you!
The queen bee calls on the killer bee to defend it!
The killer bee goes berserk!
The killer bee stings you.
Your Fighting skill increases to level 6!
Your Dodging skill increases to level 1!
Your Unarmed Combat skill increases to level 5!
You have reached level 5!
Your demonic ancestry asserts itself...
A menacing aura infuses your magic.
You feel sick.
The killer bee rages.
You barely miss the killer bee.
You feel sick. The killer bee misses you. The killer bee stings you.
* * * LOW HITPOINT WARNING * * *
You are lethally poisoned!
The killer bee poisons you!
Unknown command.
The killer bee attacks as you move away!
The killer bee barely misses you.
* * * LOW HITPOINT WARNING * * *
You feel sick. You block the killer bee's attack.
The killer bee closely misses you.
There is an open door here.
Unknown command.
You aren't carrying any scrolls.
Unknown command.
* * * LOW HITPOINT WARNING * * *
You feel sick.
You hear an angry buzzing noise.
You block the killer bee's attack.
The killer bee attacks as you move away!
The killer bee stings you!
You die...

##########################
#<...#.....#.....#.⌠._._._
#PP..†.....'.#†..'.._._._.
#PPPP#.....#.#@..#..._._P_
###############y##.._._._.
♣.....y..'.y.#._._._._
#......♣.....#...#########
#....y♣..♣..######
##+####+#####


You could see 2 killer bees.

Vanquished Creatures
  A scorpion (D)
  A killer bee (D)
  2 oklob saplings (D)
  A river rat (D)
  A rat (D)
6 creatures vanquished.

Vanquished Creatures (others)
  A fungus (D)
1 creature vanquished.

Grand Total: 7 creatures vanquished

Notes
Turn   | Place    | Note
-------+----------+-------------------------------------------
     0 | D        | fozzywoppz the Demonspawn Fighter began the quest for the
                  | Orb.
     0 | D        | Reached XP level 1. HP: 18/18 MP: 1/1
    13 | D        | Gained mutation: You have large cloven feet. [demonic
                  | ancestry]
    13 | D        | Reached XP level 2. HP: 17/24 MP: 2/2
    20 | D        | Noticed an oklob sapling
    20 | D        | HP: 1/24 [oklob sapling/splash of acid (12)]
   174 | D        | Killed an oklob sapling
   175 | D        | Reached skill level 4 in Fighting
   175 | D        | Gained mutation: Your movements are slightly less
                  | encumbered by armour. (ER -2) [demonic ancestry]
   175 | D        | Reached XP level 3. HP: 30/30 MP: 3/3
   176 | D        | Noticed a scorpion
   176 | D        | Found the amulet of invisibility {+Inv}
   177 | D        | Killed a scorpion
   178 | D        | Reached skill level 5 in Fighting
   178 | D        | Reached XP level 4. HP: 39/39 MP: 4/4
   205 | D        | Reached skill level 5 in Armour
   205 | D        | Reached skill level 5 in Shields
   213 | D        | Found an opulent altar of Gozag.
   213 | D        | Found a hazy altar of Hepliaklqana.
   213 | D        | Found a snail-covered altar of Cheibriados.
   214 | D        | Found a viscous altar of Jiyva.
   214 | D        | Found a burning altar of Makhleb.
   214 | D        | Found a sparkling altar of Nemelex Xobeh.
   214 | D        | Found a sacrificial altar of Ru.
   214 | D        | Found a shimmering blue altar of Sif Muna.
   214 | D        | Found a bloodstained altar of Trog.
   214 | D        | Found an ornate altar of the Wu Jian Council.
   214 | D        | Found a shimmering altar of Xom.
   214 | D        | Found a basalt altar of Yredelemnul.
   215 | D        | Found an iron altar of Okawaru.
   215 | D        | Found a shadowy altar of Dithmenos.
   340 | D        | Noticed a queen bee
   358 | D        | Reached skill level 6 in Fighting
   358 | D        | Reached skill level 1 in Dodging
   358 | D        | Reached skill level 5 in Unarmed Combat
   358 | D        | Gained mutation: Spells you cast may paralyse adjacent
                  | enemies. [demonic ancestry]
   358 | D        | Reached XP level 5. HP: 14/46 MP: 5/5
   362 | D        | Slain by a killer bee

Illustrated notes

Levels and vault maps discovered:
D:        dungeon_sprint_fedhas [sprint_temple]

Skill      XL: |  1  2  3  4 |
---------------+-------------+-----
Armour         | 3 4 5 |  5.4
Shields        | 3 4 5 |  5.0
Unarmed Combat | 2 3 4 5 |  5.1
Fighting       | 4 5 6 |  6.0
Dodging        | 1 |  1.7

Action                     |  1- 3 |  4- 6 || total
---------------------------+-------+-------++-------
  Melee: Unarmed           |    14 |    13 ||    27
         Kick              |     3 |     2 ||     5
    Use: Potion            |     2 |     2 ||     4
         Scroll            |       |     1 ||     1
 Armour: Scale mail        |     1 |     8 ||     9
  Dodge: Dodged            |       |    12 ||    12
  Block: Buckler           |     1 |    16 ||    17

Table legend: (Time is in decaauts)
 A = Elapsed time spent in this place.
 B = Non-inter-level travel time spent in this place.
 C = Inter-level travel time spent in this place.
 D = Time resting spent in this place.
 E = Time spent auto-exploring this place.
 F = Levels seen in this place.
 G = Mean time per level.
                   A        B        C        D        E       F      G
               +--------+--------+--------+--------+--------+-----+--------+
         Total |    366 |    366 |      0 |    261 |      0 |   1 |  366.0 |
       Dungeon |    366 |    366 |      0 |    261 |      0 |   1 |  366.0 |
               +--------+--------+--------+--------+--------+-----+--------+

Top non-repeatable levels by time:
       D: 366 daAuts
